[Event "GER-ch Youth ODJM 2019"]
[Site "Willingen"]
[Date "2019.06.12"]
[Round "5.3"]
[White "Savchenko, Daniel"]
[Black "Stelmaszyk, Nico"]
[Result "0-1"]
[ECO "B34"]
[WhiteElo "2120"]
[BlackElo "2174"]
[Annotator "NA"]
[PlyCount "58"]
[EventDate "2019.06.07"]
[EventType "swiss"]
[EventRounds "9"]
[EventCountry "GER"]
[SourceTitle "playchess.com"]
[Source "ChessBase"]
[SourceQuality "1"]
[TimeControl "40/5400+30:1800+30"]

1. e4 c5 2. Nf3 Nc6 3. d4 cxd4 4. Nxd4 Nf6 5. Nc3 e5 6. Ndb5 d6 7. Nd5 Nxd5 8. exd5 Nb8 9. c4 Be7 10. Be2 O-O 11. Be3 a6 12. Nc3 f5 13. f4 Nd7 14. Qd2 Bf6 15. O-O exf4 16. Bxf4 Ne5 17. Rfc1 Bd7 18. Kh1 Rc8 19. Nd1 Qe7 20. Rab1 Ng6 21. Be3 f4 22. Bf2 Bf5 23. Bd3 Bxd3 24. Qxd3 Ne5 25. Qe4 f3 26. g3 Bg5 27. Rc2 Qd7 28. Be3 Qh3 29. Bg1 Rxc4 {[%emt 0:02:48] normal} 0-1

[Event "GER-ch Youth ODJM 2019"]
[Site "Willingen"]
[Date "2019.06.12"]
[Round "5.4"]
[White "Petersen, Finn Christopher"]
[Black "Grossmann, Piet"]
[Result "1-0"]
[ECO "C00"]
[WhiteElo "1780"]
[BlackElo "1801"]
[Annotator "NA"]
[PlyCount "73"]
[EventDate "2019.06.07"]
[EventType "swiss"]
[EventRounds "9"]
[EventCountry "GER"]
[SourceTitle "playchess.com"]
[Source "ChessBase"]
[SourceQuality "1"]
[TimeControl "40/5400+30:1800+30"]

1. e4 e6 2. g3 d5 3. Bg2 c5 4. exd5 exd5 5. Ne2 Nf6 6. O-O Be7 7. d4 O-O 8. Nbc3 Bg4 9. h3 Bxe2 10. Nxe2 Nc6 11. c3 h6 12. Rb1 Qd7 13. Be3 c4 14. Kh2 Bd6 15. Nf4 Bxf4 16. Bxf4 Rfe8 17. Qf3 Re4 18. Bxh6 Ng4+ 19. hxg4 gxh6 20. Rbe1 Rae8 21. Rxe4 Rxe4 22. Qd1 Re6 23. Bh3 Qe7 24. g5 Rg6 25. gxh6 Rxh6 26. Qg4+ Rg6 27. Qf3 Rd6 28. Qe3 Re6 29. Bxe6 fxe6 30. Kg2 Kg7 31. Rh1 Qf6 32. f4 Qg6 33. Kf3 a6 34. g4 a5 35. g5 Nd8 36. Qe5+ Kf7 37. Qc7+ {[%emt 0:00:00] normal} 1-0

[Event "GER-ch Youth ODJM 2019"]
[Site "Willingen"]
[Date "2019.06.12"]
[Round "5.5"]
[White "Arnold, Rubina"]
[Black "Moldovan, Tudor"]
[Result "1-0"]
[ECO "B22"]
[WhiteElo "1329"]
[BlackElo "1030"]
[Annotator "NA"]
[PlyCount "109"]
[EventDate "2019.06.07"]
[EventType "swiss"]
[EventRounds "9"]
[EventCountry "GER"]
[SourceTitle "playchess.com"]
[Source "ChessBase"]
[SourceQuality "1"]
[TimeControl "40/5400+30:1800+30"]

1. e4 c5 2. c3 e6 3. Nf3 a6 4. d4 d5 5. e5 Bd7 6. Be2 cxd4 7. cxd4 Bb5 8. O-O Nc6 9. Nc3 Bxe2 10. Qxe2 Nge7 11. Bg5 Qc7 12. Rac1 Nf5 13. Qd2 Bb4 14. a3 Be7 15. Rfd1 Bxg5 16. Qxg5 Qe7 17. Qf4 h5 18. h4 Rg8 19. Ne2 Nxh4 20. Qxh4 Qxh4 21. Nxh4 g5 22. Nf3 h4 23. Rd3 Ke7 24. Nh2 Rg6 25. Ng4 Rh8 26. Nc3 b5 27. Nxb5 axb5 28. Rxc6 b4 29. axb4 Ra8 30. Rdc3 Ra4 31. Rc7+ Kf8 32. Rb3 Ra1+ 33. Kh2 Rg7 34. b5 f5 35. Rxg7 Kxg7 36. Nf6 Ra7 37. b6 Rb7 38. g3 hxg3+ 39. Kxg3 f4+ 40. Kg4 f3 41. Kxf3 g4+ 42. Kxg4 Kg6 43. f4 Rb8 44. b7 Rxb7 45. Rxb7 Kh6 46. b4 Kg6 47. b5 Kh6 48. b6 Kg6 49. Rb8 Kh6 50. b7 Kg7 51. Rg8+ Kh6 52. Re8 Kg6 53. b8=Q Kh6 54. Qb7 Kg6 55. Qh7# {normal} 1-0

[Event "GER-ch Youth ODJM 2019"]
[Site "Willingen"]
[Date "2019.06.12"]
[Round "5.7"]
[White "von der Weyden, Louis"]
[Black "Zieringer, Sebastian"]
[Result "1/2-1/2"]
[ECO "A10"]
[WhiteElo "1670"]
[BlackElo "1825"]
[Annotator "NA"]
[PlyCount "89"]
[EventDate "2019.06.07"]
[EventType "swiss"]
[EventRounds "9"]
[EventCountry "GER"]
[SourceTitle "playchess.com"]
[Source "ChessBase"]
[SourceQuality "1"]
[TimeControl "40/5400+30:1800+30"]

1. c4 b6 2. Nc3 Bb7 3. e4 e6 4. d3 d5 5. Bf4 d4 6. Nce2 Bb4+ 7. Bd2 Bxd2+ 8. Qxd2 c5 9. f4 Nf6 10. h3 Nh5 11. Nf3 f5 12. e5 Bxf3 13. gxf3 Qh4+ 14. Kd1 Nc6 15. Qe1 Qe7 16. Rg1 Nb4 17. Qd2 Qd7 18. Ng3 Nxg3 19. Rxg3 Kf7 20. Qg2 Rhg8 21. b3 b5 22. a3 Na6 23. Rb1 Rab8 24. Kc1 Qd8 25. Qd2 Rb7 26. Rg2 Qh4 27. Rb2 Nb8 28. Kb1 Nc6 29. Ka2 Rgb8 30. Qc1 Qd8 31. Qe1 Qb6 32. Qf2 Qa6 33. cxb5 Nb4+ 34. Kb1 Qxa3 35. Qe1 Rxb5 36. Qg3 g6 37. Qh4 Ra5 38. Qf6+ Ke8 39. Qxe6+ Kd8 40. Qd6+ Kc8 41. Qe6+ Kb7 42. Ra2 Nxa2 43. Qd7+ Ka6 44. Qe6+ Kb7 45. Qd7+ {[%emt 0:00:00] normal} 1/2-1/2

[Event "GER-ch Youth ODJM 2019"]
[Site "Willingen"]
[Date "2019.06.12"]
[Round "5.8"]
[White "Reuter, Julian-Frank"]
[Black "Laag, Pascal"]
[Result "1-0"]
[ECO "C54"]
[WhiteElo "1733"]
[BlackElo "1699"]
[Annotator "NA"]
[PlyCount "49"]
[EventDate "2019.06.07"]
[EventType "swiss"]
[EventRounds "9"]
[EventCountry "GER"]
[SourceTitle "playchess.com"]
[Source "ChessBase"]
[SourceQuality "1"]
[TimeControl "40/5400+30:1800+30"]

1. e4 e5 2. Nf3 Nc6 3. Bc4 Bc5 4. c3 Nf6 5. d3 O-O 6. O-O d5 7. exd5 Nxd5 8. Re1 Be6 9. Bb3 h6 10. Nbd2 Bd6 11. Nc4 Nb6 12. Ncxe5 Bxb3 13. axb3 Nxe5 14. Nxe5 Re8 15. Nf3 Nd5 16. Rxe8+ Qxe8 17. Nd4 Qe5 18. g3 a6 19. Qg4 Qe1+ 20. Kg2 Nf6 21. Qe2 Re8 22. Qxe1 Rxe1 23. Nc2 Re2 24. Ne3 g5 25. Kf1 {[%emt 0:00:14] normal} 1-0

[Event "GER-ch Youth ODJM 2019"]
[Site "Willingen"]
[Date "2019.06.12"]
[Round "5.9"]
[White "Reimer, Philip"]
[Black "Knudsen, Simon"]
[Result "1/2-1/2"]
[ECO "B06"]
[WhiteElo "1891"]
[BlackElo "2166"]
[Annotator "NA"]
[PlyCount "73"]
[EventDate "2019.06.07"]
[EventType "swiss"]
[EventRounds "9"]
[EventCountry "GER"]
[SourceTitle "playchess.com"]
[Source "ChessBase"]
[SourceQuality "1"]
[TimeControl "40/5400+30:1800+30"]

1. e4 g6 2. d4 Bg7 3. Nc3 d6 4. f4 a6 5. Nf3 b5 6. Bd3 Nd7 7. e5 c5 8. Be4 Rb8 9. O-O cxd4 10. Nxd4 dxe5 11. Nc6 Qb6+ 12. Kh1 Ngf6 13. Nxb8 Qxb8 14. fxe5 Nxe4 15. Nxe4 Qxe5 16. Ng5 O-O 17. c3 Qc5 18. Qe2 h6 19. Nf3 e5 20. Be3 Qc6 21. Rac1 Nb6 22. Nxe5 Bxe5 23. Bxb6 Bxh2 24. Kxh2 Qxb6 25. Qf2 Qc7+ 26. Qf4 Qa5 27. Qxh6 Qxa2 28. Rf4 Qd5 29. Rh4 Qe5+ 30. Kh1 Qg7 31. Qxg7+ Kxg7 32. Rb4 Re8 33. Rc2 Re1+ 34. Kh2 Be6 35. b3 Re3 36. c4 Re4 37. Ra2 {[%emt 0:05:03] normal} 1/2-1/2

[Event "GER-ch Youth ODJM 2019"]
[Site "Willingen"]
[Date "2019.06.12"]
[Round "5.10"]
[White "Tscheuschner, Georg"]
[Black "Hofmann, Lorenz"]
[Result "0-1"]
[ECO "D45"]
[WhiteElo "2113"]
[BlackElo "2002"]
[Annotator "NA"]
[PlyCount "116"]
[EventDate "2019.06.07"]
[EventType "swiss"]
[EventRounds "9"]
[EventCountry "GER"]
[SourceTitle "playchess.com"]
[Source "ChessBase"]
[SourceQuality "1"]
[TimeControl "40/5400+30:1800+30"]

1. c4 c6 2. Nc3 d5 3. d4 Nf6 4. e3 e6 5. Nf3 Nbd7 6. Qc2 Be7 7. g4 h6 8. Bd2 dxc4 9. Bxc4 b5 10. Bb3 Bb7 11. g5 hxg5 12. Nxg5 Nf8 13. Rg1 Rxh2 14. Nce4 Nxe4 15. Nxe4 g6 16. O-O-O Qc7 17. Nc5 O-O-O 18. f4 Nd7 19. Bxe6 fxe6 20. Nxe6 Qd6 21. Nxd8 Bxd8 22. Rxg6 Qd5 23. Qb3 Qxb3 24. axb3 c5 25. Be1 Be4 26. Re6 Bd5 27. Re8 Bf7 28. Rxd8+ Kxd8 29. dxc5 Bxb3 30. Rd3 Bc4 31. Rd4 Kc8 32. b4 Kc7 33. f5 Rh3 34. Bh4 Rxe3 35. Bg5 Re1+ 36. Kd2 Re2+ 37. Kd1 Re8 38. Bf4+ Kc8 39. Rd6 Nb8 40. Rh6 Bd5 41. Rh7 Nd7 42. Bd6 a6 43. Rg7 Re3 44. f6 Rf3 45. c6 Bxc6 46. f7 Rd3+ 47. Kc2 Rxd6 48. Rg8+ Kc7 49. f8=Q Nxf8 50. Rxf8 Rd4 51. Kc3 Rc4+ 52. Kb3 Bd5 53. Rf5 Be6 54. Rf6 Kd6 55. Ka3 Rc3+ 56. Kb2 Rb3+ 57. Kc2 Rxb4 58. Kc3 Rh4 {[%emt 0:00:39] normal Kd4 Ke5+} 0-1

[Event "GER-ch Youth ODJM 2019"]
[Site "Willingen"]
[Date "2019.06.12"]
[Round "5.11"]
[White "Wanner, Lukas"]
[Black "Teichert, Felix"]
[Result "1-0"]
[ECO "A20"]
[WhiteElo "2099"]
[BlackElo "2027"]
[Annotator "NA"]
[PlyCount "57"]
[EventDate "2019.06.07"]
[EventType "swiss"]
[EventRounds "9"]
[EventCountry "GER"]
[SourceTitle "playchess.com"]
[Source "ChessBase"]
[SourceQuality "1"]
[TimeControl "40/5400+30:1800+30"]

1. c4 e5 2. g3 h5 3. Nc3 h4 4. Bg2 Nc6 5. e3 Bc5 6. b3 d6 7. Bb2 a6 8. Nge2 h3 9. Bxc6+ bxc6 10. d4 exd4 11. exd4 Bb4 12. Qd2 Nf6 13. O-O-O Bf5 14. f3 Qd7 15. g4 Bg6 16. Nf4 O-O-O 17. Rhe1 d5 18. c5 Be4 19. Qe2 Bxc3 20. Bxc3 g5 21. Qxa6+ Kb8 22. Nd3 Bxd3 23. Rxd3 Rde8 24. Re5 Re6 25. Bd2 Rhe8 26. Bxg5 Rxe5 27. dxe5 Nxg4 28. Rd4 {[%emt 0:00:40] normal} Rxe5 29. Rb4# {normal} 1-0

[Event "GER-ch Youth ODJM 2019"]
[Site "Willingen"]
[Date "2019.06.12"]
[Round "5.12"]
[White "Gorainow, Nikita"]
[Black "Hartmann, Jakob"]
[Result "1/2-1/2"]
[ECO "C50"]
[WhiteElo "1929"]
[BlackElo "2144"]
[Annotator "NA"]
[PlyCount "62"]
[EventDate "2019.06.07"]
[EventType "swiss"]
[EventRounds "9"]
[EventCountry "GER"]
[SourceTitle "playchess.com"]
[Source "ChessBase"]
[SourceQuality "1"]
[TimeControl "40/5400+30:1800+30"]

1. e4 e5 2. Nf3 Nc6 3. Bc4 Bc5 4. O-O Nf6 5. d3 d6 6. c3 a6 7. a4 h6 8. h3 O-O 9. Nbd2 Ba7 10. Re1 Be6 11. Bxe6 fxe6 12. Nf1 Nh5 13. Be3 Nf4 14. Kh2 Qf6 15. Bxa7 Rxa7 16. Re3 g5 17. g3 Ng6 18. Kg2 Raa8 19. Qd2 Qg7 20. Re2 Rf7 21. N1h2 Raf8 22. Rd1 Kh8 23. d4 Rg8 24. Kh1 Qf8 25. Qe3 Qg7 26. Qd2 Rgf8 27. Kg2 Rf6 28. Rf1 Qf7 29. Qd3 Kh7 30. Rd2 Qg7 31. Kh1 R6f7 {[%emt 0:02:18] normal} 1/2-1/2

[Event "GER-ch Youth ODJM 2019"]
[Site "Willingen"]
[Date "2019.06.12"]
[Round "5.13"]
[White "Lohr, Maximilian"]
[Black "Dietz, Florian"]
[Result "1/2-1/2"]
[ECO "B20"]
[WhiteElo "1981"]
[BlackElo "2139"]
[Annotator "NA"]
[PlyCount "63"]
[EventDate "2019.06.07"]
[EventType "swiss"]
[EventRounds "9"]
[EventCountry "GER"]
[SourceTitle "playchess.com"]
[Source "ChessBase"]
[SourceQuality "1"]
[TimeControl "40/5400+30:1800+30"]

1. e4 c5 2. d3 d6 3. g3 g6 4. Bg2 Bg7 5. f4 Nc6 6. c3 e6 7. Nf3 Nge7 8. O-O O-O 9. Na3 b6 10. Be3 Ba6 11. Re1 Rc8 12. Bf2 Qd7 13. Qd2 Rc7 14. Nc2 Rfc8 15. Rab1 Na5 16. g4 d5 17. e5 Nac6 18. Bh3 Bb7 19. Bg3 d4 20. c4 Nb4 21. Nh4 Nxc2 22. Qxc2 g5 23. fxg5 Ng6 24. Nxg6 fxg6 25. Bg2 Rf8 26. Rf1 Rcc8 27. h4 Qc7 28. Bxb7 Qxb7 29. Qg2 Qxg2+ 30. Kxg2 Rxf1 {[%emt 0:00:34] normal} 31. Rxf1 Rf8 {[%emt 0:00:10] normal} 32. Rxf8+ {[%emt 0:02:55] normal} 1/2-1/2

[Event "GER-ch Youth ODJM 2019"]
[Site "Willingen"]
[Date "2019.06.12"]
[Round "5.14"]
[White "Wuebker, Paul-Luca"]
[Black "Kracht, Raphael"]
[Result "1/2-1/2"]
[ECO "E11"]
[WhiteElo "2035"]
[BlackElo "1976"]
[Annotator "NA"]
[PlyCount "53"]
[EventDate "2019.06.07"]
[EventType "swiss"]
[EventRounds "9"]
[EventCountry "GER"]
[SourceTitle "playchess.com"]
[Source "ChessBase"]
[SourceQuality "1"]
[TimeControl "40/5400+30:1800+30"]

1. d4 Nf6 2. c4 e6 3. Nf3 Bb4+ 4. Nbd2 O-O 5. a3 Be7 6. e4 d5 7. e5 Nfd7 8. cxd5 exd5 9. Nb1 c5 10. Nc3 cxd4 11. Qxd4 Nc5 12. Qxd5 Be6 13. Qxd8 Rxd8 14. Be3 Nc6 15. Bxc5 Bxc5 16. Be2 Bg4 17. Na4 Bf8 18. h3 Bxf3 19. Bxf3 Nxe5 20. Bxb7 Nd3+ 21. Ke2 Rab8 22. Rhd1 Nxb2 23. Rxd8 Rxd8 24. Nxb2 Rb8 25. Bd5 Rxb2+ 26. Ke1 {[%emt 0:00:35] normal} g5 27. a4 {[%emt 0:01:58] normal} 1/2-1/2

[Event "GER-ch Youth ODJM 2019"]
[Site "Willingen"]
[Date "2019.06.12"]
[Round "5.15"]
[White "Beesk, Kevin"]
[Black "Korten, Lando"]
[Result "1-0"]
[ECO "A00"]
[WhiteElo "1935"]
[BlackElo "2122"]
[Annotator "NA"]
[PlyCount "35"]
[EventDate "2019.06.07"]
[EventType "swiss"]
[EventRounds "9"]
[EventCountry "GER"]
[SourceTitle "playchess.com"]
[Source "ChessBase"]
[SourceQuality "1"]
[TimeControl "40/5400+30:1800+30"]

1. Nc3 c5 2. Nf3 Nf6 3. e4 d6 4. e5 dxe5 5. Nxe5 g6 6. Bc4 e6 7. Qf3 Be7 8. Bb5+ Kf8 9. d4 Qxd4 10. Bf4 g5 11. Bg3 g4 12. Qe2 Qb4 13. O-O-O a6 14. a3 Qa5 15. Nc4 Qd8 16. Rxd8+ Bxd8 17. Rd1 {[%emt 0:00:18] normal} Ke7 18. Bd6# {[%emt 0:00:39] normal} 1-0

[Event "GER-ch Youth ODJM 2019"]
[Site "Willingen"]
[Date "2019.06.12"]
[Round "5.16"]
[White "Weber, Jannis"]
[Black "Dette, Jan"]
[Result "0-1"]
[ECO "C01"]
[WhiteElo "1889"]
[BlackElo "2109"]
[Annotator "NA"]
[PlyCount "35"]
[EventDate "2019.06.07"]
[EventType "swiss"]
[EventRounds "9"]
[EventCountry "GER"]
[SourceTitle "playchess.com"]
[Source "ChessBase"]
[SourceQuality "1"]
[TimeControl "40/5400+30:1800+30"]

1. e4 e6 2. d4 d5 3. exd5 exd5 4. Nf3 Nf6 5. Bd3 c5 6. Qe2+ Be7 7. dxc5 O-O 8. O-O Bxc5 9. c3 Bg4 10. h3 Re8 11. Be3 Bxf3 12. Qxf3 Bxe3 13. fxe3 Qb6 14. Qf2 Qxe3 15. Bc2 Nc6 16. Nd2 {[%emt 0:03:15] normal} d4 17. cxd4 Nxd4 {[%emt 0:00:42] normal} 18. Bb3 {[%emt 0:00:55] normal} 0-1

[Event "GER-ch Youth ODJM 2019"]
[Site "Willingen"]
[Date "2019.06.12"]
[Round "6.1"]
[White "Astner, Sebastian"]
[Black "Matthes, Benjamin"]
[Result "1/2-1/2"]
[ECO "B23"]
[WhiteElo "1870"]
[BlackElo "1737"]
[Annotator "NA"]
[PlyCount "57"]
[EventDate "2019.06.07"]
[EventType "swiss"]
[EventRounds "9"]
[EventCountry "GER"]
[SourceTitle "playchess.com"]
[Source "ChessBase"]
[SourceQuality "1"]
[TimeControl "40/5400+30:1800+30"]

1. e4 c5 2. Nc3 Nc6 3. f4 e6 4. Nf3 d5 5. Bb5 Nge7 6. d3 a6 7. Bxc6+ Nxc6 8. O-O Be7 9. Qe1 O-O 10. Qg3 Nd4 11. f5 dxe4 12. dxe4 exf5 13. Nxd4 cxd4 14. Bh6 Bf6 15. Nd5 Be6 16. Nxf6+ Qxf6 17. Bf4 Qg6 18. Qxg6 fxg6 19. exf5 Bxf5 20. Be5 Rfd8 21. Rad1 Rac8 22. Bxd4 Bxc2 23. Rd2 Bf5 24. Bc3 Rxd2 25. Bxd2 Rc2 26. Bc3 Be4 27. Rf2 Rc1+ 28. Rf1 Rc2 29. Rf2 {[%emt 0:00:04] normal} 1/2-1/2

[Event "GER-ch Youth ODJM 2019"]
[Site "Willingen"]
[Date "2019.06.12"]
[Round "6.2"]
[White "Guenther, Emil"]
[Black "Petersen, Finn Christopher"]
[Result "1-0"]
[ECO "A49"]
[WhiteElo "1689"]
[BlackElo "1780"]
[Annotator "NA"]
[PlyCount "75"]
[EventDate "2019.06.07"]
[EventType "swiss"]
[EventRounds "9"]
[EventCountry "GER"]
[SourceTitle "playchess.com"]
[Source "ChessBase"]
[SourceQuality "1"]
[TimeControl "40/5400+30:1800+30"]

1. Nf3 Nf6 2. d4 g6 3. g3 b5 4. Bg2 Bb7 5. O-O Bg7 6. b3 O-O 7. Bb2 d6 8. Nbd2 Nbd7 9. a3 c5 10. c4 a6 11. a4 b4 12. d5 e5 13. e4 Nh5 14. Ne1 Bh6 15. Qe2 f5 16. exf5 Rxf5 17. Ne4 Qf8 18. Bh3 Rf7 19. Be6 Ndf6 20. Nxf6+ Nxf6 21. f4 exf4 22. Bxf6 Re8 23. Bb2 f3 24. Qxf3 Rxe6 25. Qxf7+ Qxf7 26. Rxf7 Rxe1+ 27. Rxe1 Kxf7 28. h3 Bc8 29. g4 Bg5 30. Kg2 h5 31. Kf3 h4 32. Bc1 Bxc1 33. Rxc1 g5 34. Ke4 Bd7 35. Rf1+ Kg7 36. Rf5 Be8 37. Rxg5+ Bg6+ 38. Rxg6+ {[%emt 0:03:23] normal} 1-0

[Event "GER-ch Youth ODJM 2019"]
[Site "Willingen"]
[Date "2019.06.12"]
[Round "6.3"]
[White "Petri, Ben-Luca"]
[Black "Wichert, Eddi"]
[Result "0-1"]
[ECO "B32"]
[WhiteElo "1895"]
[BlackElo "1702"]
[Annotator "NA"]
[PlyCount "56"]
[EventDate "2019.06.07"]
[EventType "swiss"]
[EventRounds "9"]
[EventCountry "GER"]
[SourceTitle "playchess.com"]
[Source "ChessBase"]
[SourceQuality "1"]
[TimeControl "40/5400+30:1800+30"]

1. e4 c5 2. Nf3 Nc6 3. d4 cxd4 4. Nxd4 e5 5. Nb5 d6 6. N1c3 Nf6 7. Nd5 Nxd5 8. exd5 Nb8 9. c4 Na6 10. Be3 Bd7 11. a4 Be7 12. Be2 O-O 13. Qd2 f5 14. f4 exf4 15. Bxf4 Bxb5 16. axb5 Nc5 17. Ra3 Ne4 18. Qc1 Bf6 19. O-O Bd4+ 20. Be3 Qf6 21. Ra2 f4 22. Bxd4 Qxd4+ 23. Kh1 Nf2+ 24. Rxf2 Qxf2 25. Bf3 Rae8 26. Ra1 Re3 27. Qd1 Rfe8 28. Qg1 Re1 {[%emt 0:00:17] normal} 0-1

[Event "GER-ch Youth ODJM 2019"]
[Site "Willingen"]
[Date "2019.06.12"]
[Round "6.4"]
[White "Werner, Tom"]
[Black "Lauterbach, Kolja"]
[Result "1-0"]
[ECO "A10"]
[WhiteElo "1772"]
[BlackElo "1662"]
[Annotator "NA"]
[PlyCount "105"]
[EventDate "2019.06.07"]
[EventType "swiss"]
[EventRounds "9"]
[EventCountry "GER"]
[SourceTitle "playchess.com"]
[Source "ChessBase"]
[SourceQuality "1"]
[TimeControl "40/5400+30:1800+30"]

1. c4 f5 2. g3 Nf6 3. Bg2 g6 4. Nc3 Bg7 5. e3 O-O 6. Nge2 d6 7. d3 e5 8. O-O Nc6 9. b3 Nh5 10. Rb1 f4 11. exf4 exf4 12. Bd5+ Kh8 13. Ne4 Nb4 14. a3 Nxd5 15. cxd5 Bg4 16. f3 Bh3 17. Rf2 fxg3 18. hxg3 Nf6 19. Ng5 Bd7 20. Nf4 Qc8 21. Rh2 Kg8 22. Bb2 Nh5 23. Nxh5 gxh5 24. Bxg7 Kxg7 25. Rxh5 h6 26. Qd2 Rf6 27. Ne4 Rg6 28. Qc3+ Kf7 29. Re1 Qg8 30. Kf2 c6 31. Qd2 Qg7 32. Qf4+ Kg8 33. Nxd6 Rf8 34. Qe5 Qxe5 35. Rexe5 Rxd6 36. f4 Rxd5 37. Rxd5 cxd5 38. Rxh6 Kg7 39. Rh5 Be6 40. Kf3 Bf5 41. Ke3 Kg6 42. g4 Bxg4 43. Rg5+ Kf6 44. Rxg4 Rd8 45. Rg5 Rd7 46. Kd4 Ke6 47. Re5+ Kf6 48. Rxd5 Rc7 49. Rc5 Rd7+ 50. Ke4 Ke6 51. d4 Kf6 52. Rf5+ Kg6 53. d5 {normal} 1-0

[Event "GER-ch Youth ODJM 2019"]
[Site "Willingen"]
[Date "2019.06.12"]
[Round "6.5"]
[White "Doll, Alexander"]
[Black "Weber, Samuel"]
[Result "0-1"]
[ECO "C50"]
[WhiteElo "1991"]
[BlackElo "2160"]
[Annotator "ChessBase"]
[PlyCount "64"]
[EventDate "2019.06.07"]
[EventType "swiss"]
[EventRounds "9"]
[EventCountry "GER"]
[SourceTitle "playchess.com"]
[Source "ChessBase"]
[SourceQuality "1"]
[TimeControl "40/5400+30:1800+30"]

1. e4 e5 2. Nf3 Nc6 3. Bc4 Bc5 4. d3 Nf6 5. O-O O-O 6. h3 a6 7. Bb3 d6 8. c3 Re8 9. Re1 Be6 10. Nbd2 Bxb3 11. axb3 d5 12. Qe2 Qd7 13. Nf1 h6 14. b4 Bf8 15. Ng3 Rad8 16. Nh4 g6 17. Qc2 Re6 18. Kf1 Rd6 19. Qb3 Kh7 20. Nf3 d4 21. c4 Re6 22. Bd2 Qe7 23. Ra4 Nd7 24. c5 a5 25. Rc1 axb4 26. Bxb4 Nxb4 27. Rxb4 Nxc5 28. Qc4 Nxd3 29. Qxd3 Qxb4 30. Rxc7 Re7 31. Rxe7 Qxe7 32. Qb5 d3 {[%emt 0:05:33] normal} 0-1

[Event "GER-ch Youth ODJM 2019"]
[Site "Willingen"]
[Date "2019.06.12"]
[Round "6.5"]
[White "Schmied, Elias"]
[Black "Reuter, Julian-Frank"]
[Result "1-0"]
[ECO "A32"]
[WhiteElo "1669"]
[BlackElo "1733"]
[Annotator "NA"]
[PlyCount "158"]
[EventDate "2019.06.07"]
[EventType "swiss"]
[EventRounds "9"]
[EventCountry "GER"]
[SourceTitle "playchess.com"]
[Source "ChessBase"]
[SourceQuality "1"]
[TimeControl "40/5400+30:1800+30"]

1. d4 Nf6 2. c4 c5 3. Nf3 cxd4 4. Nxd4 e6 5. Nc3 Bb4 6. Qc2 Nc6 7. e3 O-O 8. Be2 Qb6 9. Nf3 d5 10. O-O Rd8 11. Rd1 h6 12. a3 Be7 13. b4 a6 14. c5 Qc7 15. Bb2 Nd7 16. Rd2 b6 17. cxb6 Nxb6 18. Na4 Nxa4 19. Qxa4 Bd7 20. Rc1 Qb7 21. Qb3 Na7 22. Ne5 Bb5 23. Bxb5 Nxb5 24. Nc6 Rdc8 25. Nxe7+ Qxe7 26. Rdc2 Qd7 27. Rc5 Rxc5 28. Rxc5 Rc8 29. Qc2 Nd6 30. Rxc8+ Nxc8 31. Qc5 Nd6 32. Qc3 f6 33. h3 Nc4 34. Qb3 Nd2 35. Qd3 Nc4 36. Qb3 e5 37. Bc3 Kh8 38. a4 Qb7 39. Kh1 Nd6 40. Bb2 Ne4 41. Kg1 Nd6 42. Ba3 Nc4 43. Bb2 Qd7 44. Bc3 Nb6 45. b5 axb5 46. Qxb5 Qxb5 47. axb5 Kg8 48. Kf1 Kf7 49. Ke2 Ke6 50. Kd3 Kd7 51. Bb4 g6 52. Bf8 h5 53. Kc3 f5 54. Kb4 d4 55. exd4 exd4 56. Kc5 d3 57. Bh6 Na4+ 58. Kb4 Nb2 59. Kc3 Nd1+ 60. Kxd3 Nxf2+ 61. Kd4 Ne4 62. Ke5 Nd6 63. Kf6 Nxb5 64. Kxg6 Ke6 65. Kxh5 Kf6 66. Bg5+ Kf7 67. Bf4 Kf6 68. Bg5+ Kf7 69. Bd8 Nd4 70. Bc7 Kf6 71. g3 Ne6 72. Bd6 Nd8 73. Bb4 Ne6 74. Bc3+ Kf7 75. Be5 Nc5 76. Kg5 Ke6 77. Bf4 Ne4+ 78. Kg6 Nf6 79. h4 Kd5 {normal} 1-0

[Event "GER-ch Youth ODJM 2019"]
[Site "Willingen"]
[Date "2019.06.12"]
[Round "6.7"]
[White "Grossmann, Piet"]
[Black "Kublanov, Carolin"]
[Result "1-0"]
[ECO "B06"]
[WhiteElo "1801"]
[BlackElo "1748"]
[Annotator "NA"]
[PlyCount "95"]
[EventDate "2019.06.07"]
[EventType "swiss"]
[EventRounds "9"]
[EventCountry "GER"]
[SourceTitle "playchess.com"]
[Source "ChessBase"]
[SourceQuality "1"]
[TimeControl "40/5400+30:1800+30"]

1. e4 g6 2. d4 Bg7 3. Nc3 d6 4. f4 a6 5. Nf3 b5 6. Bd3 Nd7 7. Be3 c5 8. dxc5 Nxc5 9. Bxc5 dxc5 10. e5 Nh6 11. Be4 Qxd1+ 12. Rxd1 Ra7 13. O-O O-O 14. h3 Nf5 15. Kf2 f6 16. g4 Nd4 17. Nxd4 cxd4 18. exf6 Bxf6 19. Nd5 Bg7 20. Kg3 e6 21. Nb4 Rc7 22. Rf2 Kh8 23. Nd3 Rcf7 24. Rdd2 Rc7 25. Rde2 a5 26. Ne5 g5 27. Nd3 gxf4+ 28. Rxf4 Rxf4 29. Kxf4 Rf7+ 30. Kg3 Rf1 31. Kg2 Rf7 32. Rf2 Rxf2+ 33. Kxf2 h6 34. a3 Kg8 35. Bc6 Ba6 36. Nc5 Bc8 37. Bxb5 Kf8 38. Bd3 Ke7 39. Nb3 a4 40. Nc5 Bd7 41. Nxd7 Kxd7 42. Kf3 Kd6 43. Ke4 Kc5 44. b4+ axb3 45. cxb3 Bf6 46. b4+ Kd6 47. a4 e5 48. a5 {[%emt 0:00:00] normal} 1-0

[Event "GER-ch Youth ODJM 2019"]
[Site "Willingen"]
[Date "2019.06.12"]
[Round "6.8"]
[White "Zieringer, Sebastian"]
[Black "Andresen, Marc"]
[Result "0-1"]
[ECO "C24"]
[WhiteElo "1825"]
[BlackElo "1428"]
[Annotator "NA"]
[PlyCount "28"]
[EventDate "2019.06.07"]
[EventType "swiss"]
[EventRounds "9"]
[EventCountry "GER"]
[SourceTitle "playchess.com"]
[Source "ChessBase"]
[SourceQuality "1"]
[TimeControl "40/5400+30:1800+30"]

1. e4 e5 2. Bc4 Nf6 3. d4 exd4 4. Nf3 Nxe4 5. Qxd4 Nf6 6. Nc3 Be7 7. Bg5 c6 8. O-O-O d5 9. Rhe1 O-O 10. Bxd5 cxd5 11. Nxd5 Qxd5 12. Qh4 Qc5 13. Re5 Qc7 14. Rd3 Nc6 {[%emt 0:01:32] normal} 0-1

[Event "GER-ch Youth ODJM 2019"]
[Site "Willingen"]
[Date "2019.06.12"]
[Round "6.9"]
[White "Kardoeus, David"]
[Black "Mainka, Alwin"]
[Result "1-0"]
[ECO "B76"]
[WhiteElo "2202"]
[BlackElo "1833"]
[Annotator "NA"]
[PlyCount "26"]
[EventDate "2019.06.07"]
[EventType "swiss"]
[EventRounds "9"]
[EventCountry "GER"]
[SourceTitle "playchess.com"]
[Source "ChessBase"]
[SourceQuality "1"]
[TimeControl "40/5400+30:1800+30"]

1. e4 c5 2. Nf3 d6 3. d4 cxd4 4. Nxd4 Nf6 5. Nc3 g6 6. Be3 Bg7 7. f3 O-O 8. Qd2 Nc6 9. g4 Be6 10. Nxe6 fxe6 11. O-O-O a6 12. g5 Ne8 13. Bh3 {[%emt 0:02:43] normal} Kf7 {[%emt 0:01:14] normal} 1-0